 Dungeon Crawl Stone Soup version 0.18.1-1-g2f07953 (webtiles) character file.

204 Iflex the Poker (level 5, 0/40 HPs)
             Began as a Merfolk Skald on Oct 21, 2016.
             Succumbed to a worker ant's poison
             ... on level 5 of the Dungeon.
             The game lasted 00:13:22 (2910 turns).

Iflex the Poker (Merfolk Skald)                     Turns: 2910, Time: 00:13:23

Health: 0/40       AC:  5    Str: 13    XL:     5   Next: 82%
Magic:  8/8        EV: 13    Int: 11    God:
Gold:   159        SH:  0    Dex: 14    Spells: 1 memorised, 7 levels left

rFire  . . .     SeeInvis .     t - +0 trident
rCold  . . .     Gourm    .     b - +1 leather armour
rNeg   . . .     Faith    .     (no shield)
rPois  .         Spirit   .     (no helmet)
rElec  .         Dismiss  .     (no cloak)
rCorr  .         Reflect  .     (no gloves)
SustAt .         Harm     .     (no boots)
MR     .....                    (no amulet)
Stlth  +.........               (no ring)
                                (no ring)

@: lethally poisoned (0 -> -4), invisible, not resistant to hostile
enchantments, very unstealthy
A: change form in water, swift swim, shaggy fur 1
a: no special abilities


You were on level 5 of the Dungeon.
You were not hungry.

You visited 1 branch of the dungeon, and saw 5 of its levels.

You collected 159 gold pieces.

Inventory:

Hand Weapons
 a - a +0 spear
 t - a +0 trident (weapon)
Missiles
 q - 4 tomahawks (quivered)
 r - a throwing net
 u - 5 tomahawks of returning
Armour
 b - a +1 leather armour (worn)
 j - a -2 cloak
 o - a +0 shield
Wands
 s - a wand of iceblast (6/15)
Scrolls
 e - a scroll of identify
 h - 2 scrolls of immolation
 l - a scroll of fog
Potions
 i - a potion of degeneration
 k - a potion of might
 v - a potion of brilliance
Books
 c - a book of Battle

   Spells                             Type                      Level
   a - Infusion                       Charms                       1
   b - Shroud of Golubria             Charms/Translocation         2
   c - Song of Slaying                Charms                       2
   d - Spectral Weapon                Hexes/Charms                 3
   e - Regeneration                   Charms/Necromancy            3
Comestibles
 d - 2 bread rations
 f - 3 meat rations
 g - 2 beef jerkies
 m - 3 chunks of flesh


   Skills:
 + Level 2.9 Fighting
 + Level 4.4 Polearms
 + Level 1.9 Armour
 + Level 4.1 Dodging
 + Level 2.2 Spellcasting
 + Level 3.8 Charms


You had 7 spell levels left.
You knew the following spells:

 Your Spells              Type           Power        Failure   Level  Hunger
a - Infusion              Chrm           #...         10%         1    ##.....


Dungeon Overview and Level Annotations

Branches:
Dungeon (5/15)
 Temple: D:4-7

Altars:
Dithmenos
Kikubaaqudgha
Makhleb
Xom

Shops:
D:4 (


Innate Abilities, Weirdness & Mutations

You revert to your normal form in water.
You are very nimble and swift while swimming.
You are covered in fur (AC +1).


Message History

You feel sick.
* * * LOW HITPOINT WARNING * * *
You feel sick.
An adder comes into view.
The adder moves out of view.
The worker ant closely misses you.
* * * LOW HITPOINT WARNING * * *
You feel sick.
There is an escape hatch in the floor here.
* * * LOW HITPOINT WARNING * * *
You feel sick. The worker ant bites you.
* * * LOW HITPOINT WARNING * * *
You slide downwards.
The hatch slams shut behind you.
Found a potion of ambrosia.
As you read the scroll labeled QEUHA FUIDADU, it crumbles to dust.
It is a scroll of enchant armour.
Enchant which item? (? for menu, Esc to quit)
Your +0 leather armour glows green for a moment.
The worker ant barely misses you.
You fade into invisibility!
You die...

.....#
....#
....#
....###
#.....#
#.....#
#.a...+
#@....#
#.....#
!..####
....+
.....#
......#
.......#
........#


You could see a worker ant.

Vanquished Creatures
  A sky beast (D:3)
  2 adders (D:2)
  An ooze (D:1)
  A worm (D:2)
  3 dart slugs
  6 orcs
  A ball python (D:2)
  11 bats
  5 giant cockroaches
  10 hobgoblins
  2 jackals (D:2)
  8 kobolds
  2 quokkas
  3 giant newts
  6 goblins
  7 rats
69 creatures vanquished.

Notes
Turn   | Place    | Note
--------------------------------------------------------------
     0 | D:1      | Iflex the Merfolk Skald began the quest for the Orb.
     0 | D:1      | Reached XP level 1. HP: 16/16 MP: 3/3
   179 | D:1      | Reached XP level 2. HP: 3/22 MP: 5/5
   690 | D:1      | Reached XP level 3. HP: 22/28 MP: 0/6
   827 | D:1      | Reached skill level 1 in Armour
  1469 | D:2      | Reached XP level 4. HP: 29/34 MP: 7/7
  1563 | D:2      | Found a shadowy altar of Dithmenos.
  1563 | D:2      | Found a burning altar of Makhleb.
  2038 | D:3      | Noticed a sky beast
  2047 | D:3      | HP: 1/34 [sky beast (6)]
  2056 | D:3      | Killed a sky beast
  2056 | D:3      | Reached XP level 5. HP: 15/40 MP: 4/8
  2060 | D:3      | Gained mutation: You are weak. (Str -2) [mutagenic meat]
  2061 | D:3      | Lost mutation: You are weak. (Str -2) [mutagenic meat]
  2062 | D:3      | Gained mutation: You are covered in fur (AC +1). [mutagenic meat]
  2541 | D:3      | Found an ancient bone altar of Kikubaaqudgha.
  2827 | D:4      | Found Teemagi's Antique Weapon Shop.
  2876 | D:4      | Found a shimmering altar of Xom.
  2907 | D:4      | HP: 1/40 [worker ant (4)]
  2908 | D:5      | Entered Level 5 of the Dungeon
  2910 | D:5      | Succumbed to a worker ant's poison

Skill      XL: |  1  2  3  4  5 |
---------------+----------------+-----
Armour         | 1 |  1.9
Dodging        | 2 3 4 |  4.1
Polearms       | 4 |  4.4
Fighting       | |  2.9
Spellcasting   | |  2.2
Charms         | |  3.8

Action                   |  1- 3 |  4- 6 || total
-------------------------+-------+-------++-------
Melee: Spear             |   147 |   130 ||   277
Throw: Tomahawk          |       |     8 ||     8
 Cast: Infusion          |     1 |     2 ||     3
  Use: Scroll            |     2 |     6 ||     8
       Potion            |       |     4 ||     4
 Stab: Sleeping          |       |     1 ||     1
  Eat: Chunk             |     2 |     8 ||    10
Armor: Leather armour    |    29 |    22 ||    51
Dodge: Dodged            |    74 |    70 ||   144
Block: Shield            |       |     1 ||     1
